AoeStats
← ElChupetometro

Nomad

509002689Analyzed
4v4 RM · 7d ago on Sep 25, 2026· 44m 49s· 8 players
Game mode
Random Map
Map size
231×231
Population
200
Speed
Normal
Resources
Standard
Victory
Conquest
Starting age
Dark Age
Ending age
Imperial Age
RankedLock teamsTeams togetherTeam positionsShared explorationLock speedFull tech treeHidden civsTurbo modeCheats
Victory
Defeat
🇦🇷 Koreans · Argentina
1129
+12
🇹🇷 Slavs · Türkiye
1121
+13
🇹🇼 Burgundians · Taiwan
1035
+16
🇦🇷 Chinese · Argentina
1019
+17
🇺🇸 Spanish · United States
1084
-16
🇺🇸 Armenians · United States
1061
-15
🇺🇸 Byzantines · United States
1050
-15
🇺🇸 Saracens · United States
984
-12
CAS MBAG
15:15 Feudal Age
14:21 Loom
21:32 Castle Age
24:38 Fletching
30:52 Imperial Age
35:23 Bodkin Arrow
37:37 Bracer
39:02 Padded Archer Armor
Darth MBAG
7:24 Loom
16:35 Feudal Age
21:09 Castle Age
19:14 Horse Collar
19:37 Double-Bit Axe
20:04 Gold Mining
20:46 Stone Mining
21:59 Wheelbarrow
32:01 Imperial Age
31:01 Squires
30:47 Gambesons
32:17 Stone Shaft Mining
32:18 Forging
34:01 Ballistics
34:02 Scale Mail Armor
36:01 Chemistry
36:13 Padded Archer Armor
36:41 Pikeman
38:50 Conscription
39:46 Elite Skirmisher
Astorre Aprile
4:21 Loom
15:21 Feudal Age
16:00 Town Watch
16:06 Double-Bit Axe
16:11 Fishing Lines
20:36 Horse Collar
33:34 Castle Age
32:54 Wheelbarrow
33:01 Stone Mining
34:01 Fletching
34:22 Forging
34:35 Crossbowman
34:36 Elite Skirmisher
36:14 Pikeman
37:50 Squires
38:51 Bloodlines
38:42 Husbandry
39:16 Padded Archer Armor
39:58 Scale Barding Armor
41:03 Murder Holes
43:38 Ballistics
Walter White
7:16 Loom
18:27 Feudal Age
19:22 Double-Bit Axe
24:37 Horse Collar
27:35 Castle Age
25:35 Fletching
26:33 Padded Archer Armor
27:27 Stone Mining
28:31 Bodkin Arrow
30:21 Wheelbarrow
30:04 Leather Archer Armor
36:37 Town Watch
jerry80tim
5:28 Loom
7:24 Loom
13:13 Fishing Lines
16:34 Feudal Age
17:34 Wheelbarrow
18:09 Gillnets
21:31 Castle Age
23:44 Hand Cart
23:28 Double-Bit Axe
26:38 Bow Saw
30:20 Town Watch
37:09 Imperial Age
40:19 Conscription
41:03 Burgundian Vineyards
42:46 Hoardings
45:06 Husbandry
44:26 Cavalier
ElChupetometro
4:49 Loom
15:09 Feudal Age
15:36 Town Watch
18:06 Horse Collar
20:51 Double-Bit Axe
25:08 Castle Age
25:26 Fletching
25:38 Crossbowman
26:24 Thumb Ring
26:24 Gold Mining
26:24 Stone Mining
27:41 Heavy Plow
30:01 Town Patrol
30:43 Bodkin Arrow
33:12 Wheelbarrow
34:51 Hand Cart
39:33 Imperial Age
38:14 Bow Saw
41:23 Chemistry
40:45 Ballistics
40:31 Bracer
40:04 Arbalester
42:50 Elite War Wagon
43:50 Conscription
44:32 Siege Engineers
44:37 Masonry
FranGinaro
3:10 Loom
13:45 Feudal Age
15:37 Wheelbarrow
17:39 Castle Age
15:49 Double-Bit Axe
17:33 Fletching
17:49 Fishing Lines
19:08 Bodkin Arrow
21:35 Padded Archer Armor
24:33 Wheelbarrow
26:40 Hand Cart
26:15 Horse Collar
27:01 Town Watch
32:13 Imperial Age
30:18 Leather Archer Armor
32:46 Ballistics
32:59 Gold Mining
32:59 Stone Mining
33:17 Bracer
33:39 Conscription
34:30 Chemistry
35:01 Ring Archer Armor
35:06 Elite Chu Ko Nu
36:05 Masonry
37:46 Heavy Plow
38:24 Gold Shaft Mining
38:24 Stone Shaft Mining
39:21 Scale Barding Armor
39:26 Forging
39:48 Capped Ram
40:43 Bow Saw
41:18 Bloodlines
41:09 Husbandry
42:46 Chain Barding Armor
43:01 Iron Casting
41:51 Light Cavalry
44:33 Two-Man Saw
Enver Pasha
5:01 Loom
16:45 Feudal Age
21:53 Castle Age
20:52 Fishing Lines
23:18 Gillnets
24:42 Scale Barding Armor
25:47 Medium Warships
26:11 Double-Bit Axe
26:39 Bloodlines
26:29 Husbandry
30:04 Chain Barding Armor
37:42 Imperial Age
36:26 Forging
36:49 Town Watch
38:32 Iron Casting
39:59 Plate Barding Armor
38:55 Cavalier
43:09 Blast Furnace
43:38 Horse Collar
44:43 Heavy Plow
Connection lost

Rejoining the realm…

Still unreachable

The connection could not be restored.

Session expired

The server has moved on; the page needs a fresh start.